 Dungeon Crawl Stone Soup version 0.31-a0-1616-gbeaec30b81 (webtiles) character file.

Game seed: 17957060883734666348

1630936 Drazool the Skinwalker (level 27, 288/300 HPs)
             Began as an Oni Shapeshifter on Jan 8, 2024.
             Was the Champion of Okawaru.
             Escaped with the Orb
             ... and 3 runes on Jan 10, 2024!
             The game lasted 05:28:08 (73568 turns).

Drazool the Skinwalker (Oni Shapeshifter)          Turns: 73568, Time: 05:28:08

Health: 288/300    AC: 12    Str: 42    XL:     27
Magic:  31/31      EV: 33    Int: 17    God:    Okawaru [******]
Gold:   7263       SH:  0    Dex:  8    Spells: 26/26 levels left

rFire   + .          .
                       - Unarmed
rCold   . . .        a - melded +1 tower shield
rNeg    + . .        E - melded +2 gold dragon scales
rPois   ∞            Z - melded +2 hat of Resonance {Regen+}
rElec   +            d - melded +1 cloak of Wacimunn {rC+ Regen+}
rCorr   .            (gloves unavailable)
SInv    +            (boots unavailable)
Will    ++...        T - amulet of faith {!P}
Stlth   +            S - +6 ring of strength
HPRegen 0.70/turn    v - ring "Wilall" {rF+ rN+ Int+6 SInv}
MPRegen 0.22/turn

%: faith
@: storm-form, flying
A: cleaving, insubstantial, flying, large, unfitting armour, (horns 1), (tough
skin 1), double potion healing, drunken brawling
0: Orb of Zot
}: 3/15 runes: barnacled, silver, gossamer
a: Blinkbolt, Begin Untransformation, Renounce Religion, Heroism, Finesse, Duel


You escaped.
You worshipped Okawaru.
Okawaru was exalted by your worship.
You were a lightning-filled tempest!
You visited 11 branches of the dungeon, and saw 50 of its levels.
You also visited: Sewer, Bailey, Gauntlet and Ice Cave.

You collected 11268 gold pieces.
You spent 4005 gold pieces at shops.


Innate Abilities, Weirdness & Mutations

You are a lightning-filled tempest!
Your electrical attacks strike out in all directions at once.
You are incredibly evasive.
Your insubstantial body is immune to petrification, constriction, and being set on fire You are flying.
Your armour is entirely melded.
You are incapable of wielding weapons or throwing items.
You are too large for most types of armour.
You are immune to poison.
((You have a pair of small horns on your head.))
((You have tough skin. (AC +1)))
You gain doubled healing and magic from potions.
Whenever you drink a healing potion, you attack all around you.


   Skills:
 - Level 22.1 Fighting
 - Level 14.0 Throwing
 - Level 11.0 Armour
 - Level 12.0 Dodging
 + Level 18.4 Shields
 - Level 22.9 Unarmed Combat
 - Level 11.0 Invocations
 - Level 4.0 Evocations
 - Level 23.9 Shapeshifting


You had 26 spell levels left.
You didn't know any spells.
Your spell library contained the following spells:

 Spells                   Type           Power      Damage    Failure   Level
 Apportation              Tloc           0%         N/A       24%         1
 Foxfire                  Conj/Fire      0%         2x1d4     24%         1
 Magic Dart               Conj           0%         1d3       24%         1
 Necrotise                Necr           0%         1d4       24%         1
 Sandblast                Erth           0%         2d4       24%         1
 Shock                    Conj/Air       0%         1d3       24%         1
 Slow                     Hex            0%         N/A       24%         1
 Sting                    Conj/Alch      0%         1d3       24%         1
 Blink                    Tloc           0%         N/A       34%         2
 Cigotuvi's Dreadful Rot  Necr/Alch/Air  0%         N/A       34%         2
 Ensorcelled Hibernation  Hex/Ice        0%         N/A       34%         2
 Jinxbite                 Hex            0%         N/A       34%         2
 Lesser Beckoning         Tloc           0%         N/A       34%         2
 Mercury Vapours          Alch/Air       0%         N/A       34%         2
 Momentum Strike          Conj/Tloc      0%         3d8       34%         2
 Static Discharge         Conj/Air       0%         3-3/arc   34%         2
 Confusing Touch          Hex            0%         N/A       56%         3
 Dazzling Flash           Conj/Hex       0%         N/A       56%         3
 Frozen Ramparts          Ice            0%         1d1       56%         3
 Fugue of the Fallen      Necr           0%         N/A       56%         3
 Gell's Gravitas          Tloc           0%         N/A       56%         3
 Hailstorm                Conj/Ice       0%         3d5       56%         3
 Inner Flame              Hex/Fire       0%         N/A       56%         3
 Mephitic Cloud           Conj/Alch/Air  0%         N/A       56%         3
 Ozocubu's Armour         Ice            0%         N/A       56%         3
 Passwall                 Erth           0%         N/A       56%         3
 Sigil of Binding         Hex            0%         N/A       56%         3
 Stone Arrow              Conj/Erth      0%         3d7       56%         3
 Swiftness                Air            0%         N/A       56%         3
 Teleport Other           Tloc           0%         N/A       56%         3
 Vampiric Draining        Necr           0%         2d6       56%         3
 Volatile Blastmotes      Fire/Tloc      0%         2d10      56%         3
 Airstrike                Air            0%         2d(0-16)  93%         4
 Anguish                  Hex/Necr       0%         N/A       93%         4
 Brom's Barrelling Bould  Conj/Erth      0%         2d3       93%         4
 Cause Fear               Hex            0%         N/A       93%         4
 Dimensional Bullseye     Hex/Tloc       0%         N/A       93%         4
 Dispel Undead            Necr           0%         3d6       93%         4
 Fulminant Prism          Conj/Alch      0%         3d5       93%         4
 Iskenderun's Mystic Bla  Conj/Tloc      0%         2d3       93%         4
 Olgreb's Toxic Radiance  Alch           0%         N/A       93%         4
 Petrify                  Alch/Erth      0%         N/A       93%         4
 Sticky Flame             Fire/Alch      0%         2d4       93%         4
 Vhi's Electric Charge    Tloc/Air       0%         N/A       93%         4
 Alistair's Intoxication  Alch           0%         N/A       100%        5
 Arcjolt                  Conj/Air       0%         1d10      100%        5
 Borgnjor's Vile Clutch   Necr/Erth      0%         N/A       100%        5
 Curse of Agony           Necr           0%         N/A       100%        5
 Fireball                 Conj/Fire      0%         3d3       100%        5
 Freezing Cloud           Conj/Ice/Air   0%         6-21      100%        5
 Irradiate                Conj/Alch      0%         3d11      100%        5
 Iskenderun's Battlesphe  Conj           0%         2d6       100%        5
 Metabolic Englaciation   Hex/Ice        0%         N/A       100%        5
 Silence                  Hex/Air        0%         N/A       100%        5
 Yara's Violent Unravell  Hex/Alch       0%         3d3       100%        5
 Bombard                  Conj/Erth      0%         9d1       100%        6
 Conjure Ball Lightning   Conj/Air       0%         3x3d6     100%        6
 Eringya's Noxious Bog    Alch           0%         4d6       100%        6
 Plasma Beam              Fire/Air       0%         2x1d10    100%        6
 Starburst                Conj/Fire      0%         6d3       100%        6
 Orb of Destruction       Conj           0%         9d5       100%        7
 Ozocubu's Refrigeration  Ice            0%         4d7       100%        7
 Borgnjor's Revivificati  Necr           0%         N/A       100%        8
 Disjunction              Tloc           0%         N/A       100%        8
 Ignition                 Fire           0%         3d3       100%        8
 Maxwell's Capacitive Co  Air            0%         ∞         100%        8
 Death's Door             Necr           0%         N/A       100%        9
 Polar Vortex             Ice            0%         N/A       100%        9
 Summon Small Mammal      Summ           Unusable   N/A       N/A         1
 Call Imp                 Summ           Unusable   N/A       N/A         2
 Sublimation of Blood     Necr           Unusable   N/A       N/A         2
 Call Canine Familiar     Summ           Unusable   N/A       N/A         3
 Summon Ice Beast         Ice/Summ       Unusable   N/A       N/A         3
 Tukima's Dance           Hex            Unusable   N/A       N/A         3
 Martyr's Knell           Necr/Summ      Unusable   N/A       N/A         4
 Summon Lightning Spire   Summ/Air       Unusable   N/A       N/A         4
 Summon Mana Viper        Hex/Summ       Unusable   N/A       N/A         5
 Death Channel            Necr           Unusable   N/A       N/A         6
 Sculpt Simulacrum        Ice/Alch       Unusable   N/A       N/A         6
 Haunt                    Necr/Summ      Unusable   N/A       N/A         7
 Monstrous Menagerie      Summ           Unusable   N/A       N/A         7
 Spellforged Servitor     Conj/Summ      Unusable   N/A       N/A         7

Inventory:

Missiles
 D - 99 large rocks (quivered) {=f}
 F - 32 silver javelins
 G - 2 throwing nets {=f}
 V - 7 curare-tipped darts {=f}
 W - 30 javelins
Armour
 a - a +1 tower shield (melded)
 d - the +1 cloak of Wacimunn (melded) {rC+ Regen+}
   (You acquired it on level 1 of the Vaults)

   rC+:       It protects you from cold.
   Regen+:    It increases your rate of health regeneration.
 E - +2 gold dragon scales (melded)
 I - +3 fire dragon scales
 Z - the +2 hat of Resonance (melded) {Regen+}
   (Okawaru gifted it to you on level 5 of the Lair of Beasts)

   Regen+:    It increases your rate of health regeneration.
Jewellery
 v - the ring "Wilall" (right fist) {rF+ rN+ Int+6 SInv}
   (You took it off a deep elf master archer on level 3 of the Elven Halls)

   [ring of intelligence]

   Int+6:     It affects your intelligence (+6).
   rF+:       It protects you from fire.
   rN+:       It protects you from negative energy.
   SInv:      It lets you see invisible.
 C - the ring of Asceticism {+Blink rPois AC+4 Int+4}
   (You took it off a deep elf blademaster on level 3 of the Elven Halls)

   [ring of protection]

   AC+4:      It affects your AC (+4).
   Int+4:     It affects your intelligence (+4).
   rPois:     It protects you from poison +Blink: It lets you blink.
 L - a ring of flight
 S - a +6 ring of strength (left fist)
 T - an amulet of faith (around neck) {!P}
Talismans
 c - a storm talisman (active)
 n - a talisman of death
 M - a granite talisman
Wands
 j - a wand of iceblast (29)
 p - a wand of flame (49)
 y - a wand of mindburst (27)
 J - a wand of digging (22)
 Q - a wand of quicksilver (47)
 U - a wand of paralysis (28)
 X - a wand of polymorph (19)
Scrolls
 g - a scroll of revelation
 h - 19 scrolls of teleportation {@r2}
 k - 10 scrolls of immolation
 r - 9 scrolls of fog
 u - 9 scrolls of fear
 w - 4 scrolls of blinking
 z - a scroll of torment
 H - 14 scrolls of vulnerability
 K - 7 scrolls of silence {!r}
 N - a scroll of enchant weapon
 P - 10 scrolls of poison
Potions
 b - 8 potions of lignification
 e - 6 potions of haste {@q3}
 f - 2 potions of cancellation
 i - 8 potions of magic
 l - 4 potions of berserk rage {!q}
 m - 13 potions of mutation
 o - 4 potions of heal wounds {@q2}
 s - 2 potions of invisibility
 t - 7 potions of brilliance
 x - 18 potions of ambrosia
 A - 8 potions of enlightenment
 B - 6 potions of might
 R - 13 potions of curing {@q1}
 Y - 2 potions of resistance
Miscellaneous
 O - a phial of floods

Dungeon Overview and Level Annotations

Branches:
Dungeon (15/15)            Temple (1/1) D:4            Lair (5/5) D:10
 Shoals (4/4) Lair:3       Spider (4/4) Lair:2        Slime (0/5) Lair:4
    Orc (2/2) D:11            Elf (3/3) Orc:2        Vaults (5/5) D:13
  Crypt (2/3) Vaults:3     Depths (4/4) D:15            Zot (5/5) Depths:4
  Sewer (visited)          Bailey (visited)           IceCv (visited)
Gauntlet (visited)

Altars:
Ashenzari
Cheibriados
Dithmenos
Elyvilon
Fedhas
Gozag
Hepliaklqana
Kikubaaqudgha
Makhleb
Nemelex Xobeh
Okawaru
Qazlal
Ru
Sif Muna
Trog
Uskayaw
Vehumet
Wu Jian
Xom
Yredelemnul
Zin
The Shining One

Shops:
D:4 (   D:5 *:   D:14 ?   D:15 (   Orc:2 !***   Elf:1 (   Elf:2 =   Elf:3 ?
Shoals:1 [   Vaults:1 *   Vaults:2 :   Vaults:5 *

Portals:
Hell: Depths:1 Depths:2 Depths:3 Depths:4
Abyss: Depths:1 Depths:2 Depths:3 Depths:4
Pandemonium: Depths:2 Depths:3 Depths:4
Ziggurat: Depths:1

Annotations:
Lair:1 3 runed translucent doors, zenocrate's ghost, journeyman VSFi
Shoals:2 1 transporter, exclusion: orange crystal statue, Roxanne
Spider:3 1 runed translucent door
Elf:2 3 runed translucent doors
Vaults:2 36 runed translucent doors
Vaults:3 36 runed translucent doors
Zot:4 1 transporter

...####....#.#####...#####.#.....
...'...............#.# #.'.....
...###▒▒▒▒▒▒'▒▒▒'▒▒▒'▒▒ #.#.....
..## ▒...▒...▒...▒...▒ #.##....
.## ▒...'...'...'.⌠.▒ #.###... ##
▒...▒...▒...▒...▒ #.# ##.. #
▒▒▒▒▒▒'▒▒▒▒▒▒▒'▒▒###[# ##'
▒...▒...▒...▒...▒....# #.
▒.(.▒...'.v.▒...'..### #. #
▒...▒...▒...▒...▒#.# ##. ##
▒▒'▒▒▒'▒▒▒▒▒▒▒'▒▒#.# ###.. .#
▒...▒...▒...▒...▒#.# #....
######▒.⌠.▒...'.⌠.'...▒#.# #.#..
#.....▒...▒...▒...▒...▒#.####.#..
..####▒▒'▒▒▒▒▒▒▒▒▒▒▒'▒▒#.........
### ▒...▒...▒...▒...▒######.#..
▒...'.⌠.'...'.⌠.▒ #.#..


There were no monsters in sight!


Message History

Okay, then.
Aiming: Dig
Press: ? - help, Shift-Dir - straight line A rock wall.
This square is covered in magical glow.
The rock shatters into small pieces.
Aiming: Iceblast
Press: ? - help, Shift-Dir - straight line
Okay, then.
Aiming: Dig
Press: ? - help, Shift-Dir - straight line A rock wall.
This square is covered in magical glow.
The rock shatters into small pieces.
You feel energetic enough to blinkbolt again.
There is an open door here.
Hiuvo comes into view.
Hiuvo moves out of view.
There is an open door here.
There is a dry fountain here.
There is an open door here.
There is an open door here.
There is an open door here.
There is an open door here.
There is a dry fountain here.
There is an open door here.
There is an open door here.
There is an open door here.
There is a staircase leading out of the dungeon here.
You have escaped!

Skill      XL: |  1  2  3  4  5  6  7  8  9 10 11 12 13 14 15 16 17 18 19 20 21 22 23 24 25 26 27 |
---------------+----------------------------------------------------------------------------------+-----
Fighting       | 2 3 15 16 17 20 22 | 22.1
Unarmed Combat | 3 4 5 6 7 9 12 14 15 17 18 20 22 | 22.9
Dodging        | 2 3 10 12 | 12.0
Shapeshifting  | 4 6 9 14 16 17 20 23 | 23.9
Armour         | 3 4 6 7 8 10 11 | 11.0
Invocations    | 3 5 6 10 11 | 11.0
Throwing       | 2 4 8 9 12 14 | 14.0
Shields        | 7 9 10 12 18 | 18.4
Evocations     | 4 |  4.0

Action                     |  1- 3 |  4- 6 |  7- 9 | 10-12 | 13-15 | 16-18 | 19-21 | 22-24 | 25-27 || total
---------------------------+-------+-------+-------+-------+-------+-------+-------+-------+-------++-------
  Melee: Unarmed           |    96 |   143 |   317 |   655 |   923 |  1221 |  1035 |   941 |  1097 ||  6428
         Headbutt          |    18 |    13 |    67 |   128 |   205 |   242 |   235 |    68 |   251 ||  1227
         Punch             |       |     3 |     7 |    50 |    28 |    40 |   131 |   101 |     7 ||   367
         Constrict         |       |       |       |       |    13 |     8 |       |       |       ||    21
   Fire: Sling             |       |       |    18 |       |       |       |       |       |       ||    18
  Throw: Dart              |       |       |    24 |    51 |    60 |       |       |       |       ||   135
         Javelin           |       |       |       |       |   143 |    56 |     1 |       |    62 ||   262
         Throwing net      |       |       |       |       |     1 |     3 |       |       |       ||     4
         Boomerang         |       |       |       |       |     1 |       |       |       |       ||     1
         Large rock        |       |       |       |       |    42 |   102 |    26 |    22 |   174 ||   366
 Invoke: Purification      |       |       |       |     5 |       |       |       |       |       ||     5
         Heal Other        |       |       |       |     5 |       |       |       |       |       ||     5
         Heroism           |       |       |       |     4 |     9 |    12 |    12 |     4 |     6 ||    47
         Finesse           |       |       |       |       |     1 |     4 |     7 |     5 |     4 ||    21
         Receive Weapon    |       |       |       |       |     1 |       |       |       |       ||     1
         Receive Armour    |       |       |       |       |     1 |       |       |       |       ||     1
         Duel              |       |       |       |       |       |       |       |     1 |       ||     1
Ability: Begin Untransform |       |       |       |       |     1 |       |       |       |       ||     1
         Blinkbolt         |       |       |       |       |       |       |       |    75 |    23 ||    98
         Siphon Essence    |       |       |       |       |       |       |       |       |    16 ||    16
  Evoke: Wand              |       |       |       |    12 |    10 |     3 |       |     5 |     3 ||    33
    Use: Scroll            |     3 |     1 |     5 |     8 |    11 |     9 |     7 |     9 |     4 ||    57
         Potion            |       |     5 |       |     1 |       |     7 |     2 |     7 |     2 ||    24
   Stab: Distracted        |       |       |       |       |     1 |       |       |       |       ||     1
         Petrified         |       |       |       |       |       |       |     2 |       |       ||     2
 Armour: Animal skin       |    49 |    76 |    56 |       |       |       |       |       |       ||   181
         Skin              |       |    36 |       |     9 |    37 |  1617 |  1653 |   783 |    57 ||  4192
         Fire dragon scale |       |       |   170 |   490 |   609 |   406 |       |       |   374 ||  2049
         Troll leather arm |       |       |     8 |       |       |       |       |       |       ||     8
         Gold dragon scale |       |       |       |       |       |       |       |       |   402 ||   402
  Dodge: Dodged            |    33 |    45 |   103 |   214 |   211 |   654 |   684 |   677 |   238 ||  2859
  Block: Other             |       |       |    36 |    66 |       |       |       |       |       ||   102
         Reflection        |       |       |       |     5 |       |       |       |       |       ||     5
         Tower shield      |       |       |       |       |   303 |   695 |       |       |   542 ||  1540
   Form: Beast             |       |       |     2 |       |       |       |       |       |       ||     2
                           |       |       |     1 |       |     3 |     2 |     1 |       |       ||     7
         Serpent           |       |       |       |       |     4 |       |       |       |       ||     4
         Blade             |       |       |       |       |       |     1 |     1 |       |       ||     2
         Statue            |       |       |       |       |       |     1 |     1 |       |       ||     2
         Storm             |       |       |       |       |       |       |       |     1 |     1 ||     2
         Death             |       |       |       |       |       |       |       |       |     1 ||     1

Levels and vault maps discovered:
D:1:      co_arrival_random_square_maze, layout_loops_corners
D:2:      layout_loops_corners, basic_altar, minmay_indecisive_spiral,
          uniq_robin
D:3:      layout_basic, nicolae_uskayaw_murder_on_the_dancefloor,
          mainiacjoe_overflow_brackets, gup_sewer_entry_bubbles
D:4:      layout_rooms, mainiacjoe_overflow_alcove_2, temple_hall, serial_shops,
          nicolae_square_shop, sigmund_army, uniq_natasha, uniq_sigmund,
          uniq_pargi
D:5:      layout_loops_ring, serial_shops, nicolae_shop_tiny_glass,
          minmay_fountain_box, nicolae_shop_self_help
D:6:      layout_basic, serial_curves, eino_curves_01, eino_curves_02,
          gammafunk_ghost_smash, nicolae_letterblocks [nicolae_letter_subblock,
          nicolae_letter_subblock, nicolae_letter_subblock,
          nicolae_letter_subblock, nicolae_letter_subblock,
          nicolae_letter_subblock, nicolae_letter_subblock,
          nicolae_letter_subblock, nicolae_letter_subblock,
          nicolae_letter_subblock, nicolae_letter_subblock,
          nicolae_letter_subblock, nicolae_letter_subblock,
          nicolae_letter_subblock, nicolae_letter_subblock,
          nicolae_letter_subblock, nicolae_letter_subblock,
          nicolae_letter_subblock, nicolae_letter_subblock,
          nicolae_letter_subblock, nicolae_letter_subblock,
          nicolae_letter_subblock, nicolae_letter_subblock,
          nicolae_letter_subblock, nicolae_letter_subblock], uniq_jeremiah,
          uniq_prince_ribbit1, uniq_blork_the_orc, uniq_menkaure
D:7:      layout_rooms
D:8:      cheibrodos_ideogram_h, layout_cave_pods, serial_glass,
          glass_columns_c, glass_columns_a, glass_columns_c, glass_columns_c,
          glass_columns_b, glass_columns_a, uniq_maggie
D:9:      layout_basic, enter_bailey_3
D:10:     layout_roguey, marbit_many_paths, nicolae_overflow_squiral,
          grunt_lair_entry_orc_guard_hut, kennysheep_kite_vault, uniq_erica
D:11:     minmay_separated_statues, layout_long_grid, erik_orc_4, uniq_amaemon,
          uniq_urug
D:12:     layout_loops_corners, portal_ice_cave_entry_imps, drop_trap,
          okawaru_ov_weapons_minmay, uniq_jorgrun
D:13:     layout_long_grid, david_vaults_4, uniq_rupert
D:14:     layout_stronghold, hangedman_decor_lopped, serial_shops, shop,
          gauntlet_entry_generic, grunt_ministairs_4
D:15:     gammafunk_depths_entry_grave, layout_irregular_city, serial_shops,
          shop, kennysheep_flooded_box, uniq_josephine
Temple:   kb_temple_of_zot
Lair:1:   layout_concentric_octagons, maelrawn_ghost_gauntlet_escape,
          minivault_27, nzn_random_ring, uniq_harold
Lair:2:   layout_cave_pods, nicolae_spider_entry_lesser_pyramids, basic_altar,
          wad_woods_road_03, lemuel_fruit_tree
Lair:3:   layout_chaotic_city, minmay_shoals_entry_lonely_mermaid,
          grunt_forest_small_clearing_treed
Lair:4:   layout_gridlike, slime_entry_1, wad_woods_03
Lair:5:   evilmike_catoblepas_cave, layout_regular_city
Shoals:1: layout_shoals, serial_shops, nicolae_lakefront_shop,
          hangedman_shoal_volcano
Shoals:2: gammafunk_sealed_arena, layout_shoals, uniq_ilsuiw, uniq_frances,
          uniq_donald, uniq_polyphemus, uniq_roxanne
Shoals:3: cheibrodos_shoals_three_sisters, layout_shoals
Shoals:4: shoals_end_grunt_ice, layout_shoals, shoals_ilsuiw_alternative
Spider:1: layout_spider_delve
Spider:2: layout_spider_delve, nicolae_spider_baby_got_redback, uniq_arachne,
          uniq_asterion
Spider:3: cheibrodos_spider_deadly_dance, special_room [special_room_bee]
Spider:4: johnstein_spider_rune_arachne_lair, hellmonk_narrow_tunnel
Orc:1:    layout_diamond_mine, basic_altar, mines3_lemuel
Orc:2:    st_orc_ogre_mass, layout_caves
Elf:1:    layout_gridlike, serial_shops, shop, minmay_elf_necromancy,
          grunt_megastairs_5, uniq_zenata
Elf:2:    elven_hall_of_blades_hangedman_original
          [infiniplex_blade_entry_pillars], layout_onion_city, serial_shops,
          shop, basic_altar, hangedman_elven_ridges,
          nicolae_elf_big_sculpture_3, uniq_nikola
Elf:3:    elf_hall_gauntlet_narrow, layout_geoelf_castle, serial_glass,
          glass_columns_a, glass_columns_b, glass_columns_a, glass_columns_b,
          glass_columns_a, glass_columns_b, serial_shops, shop, minivault_28
Vaults:1: v_misc_12, vaults_mumra_chevron, nicolae_vaults_oval_intersection,
          nicolae_vaults_diagonal_hallway_7, nicolae_vaults_oval_intersection,
          v_misc_14, nicolae_vaults_more_shelving_1, hangedman_vaults_stream,
          vaults_dpeg_hooks, vaults_mumra_lcd, vaults_dpeg_ring,
          layout_vaults_quadrants, serial_shops, shop
Vaults:2: nicolae_vaults_offset_grid_hallway_4, hangedman_vaults_cutoff,
          not_door_vault_due, v_misc_11, nicolae_vaults_closet_pinwheel_4,
          nicolae_vaults_offset_grid_hallway_2, nicolae_vaults_network_star,
          nicolae_vaults_network_quinsquares
          [nicolae_vaults_network_quincunx_subvault,
          nicolae_vaults_network_quincunx_subvault,
          nicolae_vaults_network_quincunx_subvault,
          nicolae_vaults_network_quincunx_subvault],
          nicolae_vaults_offset_grid_hallway_1, nicolae_vaults_surprise_closet,
          serial_ice_h, nicolae_vaults_rhombus_5, layout_vaults_omnicross,
          serial_shops, nicolae_book_shop_shelving
Vaults:3: nicolae_vaults_doubleplus_tesselated, v_misc_26,
          nicolae_vaults_triangles, nicolae_vaults_tetromino_Z_2,
          nicolae_vaults_meiosis, vaults_standard_mumra_lines,
          grunt_vaults_hallway_long, v_misc_31, nicolae_vaults_tetromino_L_1,
          door_vault, ontoclasm_vaults_hangar,
          nicolae_vaults_trapezoid_lopsided_1, minmay_crypt_entry_necro_gods,
          layout_vaults_maze_bifur
Vaults:4: mu_enter_wizlab_1, nicolae_vaults_door_testing_chamber,
          nicolae_vaults_circle_grid_b, vaults_room_ringed_pool,
          v_alt_pattern_1, nicolae_vaults_trapezoid_1, vaults_mumra_hex,
          nicolae_vaults_little_squares_1, ontoclasm_vaults_shout,
          layout_vaults_omnibox
Vaults:5
Crypt:1:  layout_misc_corridors, minmay_misc_feat_cross,
          serial_library_hellmonk_long_bookcase, uniq_sojobo, uniq_boris
Crypt:2:  layout_gridlike, grunt_megastairs_4, uniq_grunn
Depths:1: layout_gridlike, enter_ziggurat_f, hell_entry,
          hangedman_abyss_entry_splay, hangedman_abyss_or_decor_clamps,
          nzn_wu_jian_contemplation, serial_bayou_shore_b,
          roderic_lattice_octagonal_star, uniq_enchantress, uniq_bai_suzhen
Depths:2: nicolae_hexawheel, layout_cave_shapes, minmay_room_of_horrors,
          rand_demon_pan_entry_7, pf_coc_iceberg, zin_treasury,
          infiniplex_staircase_pillars_3b
Depths:3: minmay_tri_box, layout_gridlike, rand_demon_pan_entry_9, abyss_entry,
          nicolae_elyvilon_peaceful_grove, hell_entry,
          infiniplex_staircase_diamond, firewood_loft, uniq_mara
Depths:4: grunt_crosshair, layout_cave_pools, hangedman_geh_valley,
          serial_library_regret_index_branch_corner, grunt_pan_entry_zigzag,
          abyss_entry, lemuel_blue_sif_altar
Zot:1:    layout_cathedral_of_symmetry, regret_index_zotdec_carving_tricks
Zot:2:    layout_gridlike, regret_index_zotdec_dark_gr
Zot:3:    layout_misc_corridors, grunt_megastairs_2
Zot:4:    layout_twisted_circle, regret_index_zotdec_magical_s,
          nicolae_diode_basic
Zot:5:    layout_cathedral_of_symmetry, st_stairs_13

Notes
Turn   | Place    | Note
-------+----------+-------------------------------------------
     0 | D:1      | Drazool the Oni Shapeshifter began the quest for the Orb.
     0 | D:1      | Reached XP level 1. HP: 19/19 MP: 1/1
   153 | D:1      | Reached skill level 2 in Fighting
   172 | D:1      | Reached XP level 2. HP: 28/28 MP: 2/2
   182 | D:1      | Reached skill level 3 in Unarmed Combat
   483 | D:1      | Reached XP level 3. HP: 36/36 MP: 3/3
   577 | D:1      | Reached skill level 3 in Fighting
  1332 | D:2      | Found a shimmering altar of Xom.
  1757 | D:2      | Reached XP level 4. HP: 45/45 MP: 4/4
  1791 | D:2      | Reached skill level 2 in Dodging
  2281 | D:2      | Noticed Robin
  2289 | D:1      | Reached skill level 4 in Unarmed Combat
  2323 | D:1      | Killed Robin
  2697 | D:2      | Reached XP level 5. HP: 46/53 MP: 5/5
  2719 | D:2      | Identified a potion of experience
  2719 | D:2      | Reached skill level 15 in Fighting
  2719 | D:2      | Reached XP level 6. HP: 83/91 MP: 6/6
  2885 | D:3      | Found a hide-covered altar of Uskayaw.
  2912 | D:3      | You fall into a shaft and drop 1 floor!
  3204 | D:3      | Found a shadowy altar of Dithmenos.
  3270 | D:3      | Found a glowing drain.
  3283 | Sewer    | Entered a sewer
  3358 | Sewer    | Reached skill level 5 in Unarmed Combat
  3358 | Sewer    | Reached XP level 7. HP: 91/98 MP: 7/7
  4608 | D:3      | Identified the +3 sling "Xewotwan" {freeze, +Blink rF+
                  | Str+3}
  4685 | D:4      | Noticed Sigmund
  4738 | D:4      | Killed Sigmund
  4739 | D:4      | Reached skill level 6 in Unarmed Combat
  4739 | D:4      | Reached XP level 8. HP: 107/107 MP: 8/8
  4815 | D:4      | Found a staircase to the Ecumenical Temple.
  4897 | D:4      | Noticed Natasha
  4907 | D:4      | Killed Natasha
  4932 | D:4      | Found Ofuxef's Antique Weapon Shop.
  4973 | D:4      | Noticed Natasha
  4984 | D:4      | Killed Natasha
  5068 | D:4      | Noticed Natasha
  5145 | D:4      | Killed Natasha
  5304 | D:4      | Noticed Pargi
  5315 | D:4      | Killed Pargi
  5316 | D:4      | Reached skill level 4 in Shapeshifting
  5440 | D:4      | Found a glowing silver altar of Zin.
  5485 | D:5      | Entered Level 5 of the Dungeon
  5507 | D:5      | Found Byotoali's Assorted Antiques.
  5531 | D:5      | Bought an emerald potion for 21 gold pieces
  5531 | D:5      | Bought a scroll labelled AREGORERCHI for 24 gold pieces
  5591 | Temple   | Entered the Ecumenical Temple
  5788 | Temple   | Became a worshipper of Elyvilon the Healer
  5944 | D:5      | Reached skill level 1 in Armour
  6161 | D:5      | Found Neinahoc's Self-Improvement Boutique.
  6197 | D:5      | Reached skill level 2 in Armour
  6761 | D:6      | Noticed Jeremiah
  6773 | D:6      | Killed Jeremiah
  6774 | D:6      | Reached skill level 3 in Armour
  6774 | D:6      | Reached XP level 9. HP: 74/109 MP: 9/9
  6944 | D:6      | Reached * piety under Elyvilon
  7165 | D:6      | Noticed Menkaure
  7173 | D:6      | Killed Menkaure
  7174 | D:6      | Reached skill level 4 in Armour
  7370 | D:6      | Reached skill level 1 in Invocations
  7378 | D:6      | Noticed Prince Ribbit
  7386 | D:6      | Killed Prince Ribbit
  7556 | D:6      | Noticed Blork the orc
  7574 | D:5      | Killed Blork the orc
  7575 | D:5      | Reached skill level 2 in Invocations
  7927 | D:6      | Found a transporter.
  7930 | D:6      | Noticed snarfax's ghost (novice DESu)
  7942 | D:6      | Found a transporter.
  7950 | D:6      | Identified the +11 great mace of Instant Death {holy, rF+
                  | rN+ Int-5}
  8512 | D:7      | Reached ** piety under Elyvilon
  8648 | D:7      | Reached skill level 3 in Invocations
  8713 | D:7      | Reached XP level 10. HP: 126/126 MP: 12/12
  8995 | D:8      | Reached skill level 5 in Armour
  9273 | D:8      | Noticed Maggie
  9294 | D:8      | Killed Maggie
  9295 | D:8      | Reached skill level 7 in Unarmed Combat
  9295 | D:8      | Reached skill level 4 in Invocations
  9474 | D:8      | Paralysed by a hornet for 2 turns
  9479 | D:8      | Noticed a green ugly thing
  9480 | D:8      | Noticed a gargoyle
  9992 | D:8      | Reached skill level 5 in Invocations
 10300 | D:8      | Killed a green ugly thing
 10301 | D:8      | Reached skill level 6 in Armour
 10349 | D:8      | Killed a gargoyle
 10512 | D:8      | Identified the ring "Iteqaq" {Wiz Int+2}
 11010 | D:9      | Found a flagged portal.
 11024 | Bailey   | Entered a bailey
 11090 | Bailey   | Reached skill level 1 in Throwing
 11171 | Bailey   | Reached *** piety under Elyvilon
 11220 | Bailey   | Noticed a gargoyle
 11236 | Bailey   | Killed a gargoyle
 11237 | Bailey   | Reached skill level 2 in Throwing
 11237 | Bailey   | Reached XP level 11. HP: 99/130 MP: 15/15
 11382 | Bailey   | Reached skill level 3 in Throwing
 11792 | Bailey   | Identified the staff "Sorghig" {rF+ rC- Dex+8 Hexes Fire}
 11799 | Bailey   | Identified the +2 ring mail of Zin's Delight {Rampage rF-
                  | rC+ Str+5}
 11871 | D:9      | Identified a scroll of acquirement
 11872 | D:9      | Acquired 613 gold pieces
 11985 | D:9      | Reached skill level 4 in Throwing
 12289 | D:9      | Reached skill level 5 in Shapeshifting
 12290 | D:9      | Reached skill level 6 in Invocations
 13042 | D:10     | Entered Level 10 of the Dungeon
 13042 | D:10     | Noticed Erica
 13047 | D:10     | Killed Erica
 13048 | D:10     | Reached skill level 7 in Armour
 13169 | D:10     | Noticed a two-headed ogre
 13187 | D:10     | Killed a two-headed ogre
 13228 | D:10     | Reached skill level 6 in Shapeshifting
 13337 | D:10     | Reached skill level 8 in Unarmed Combat
 13572 | D:10     | Noticed a two-headed ogre
 13583 | D:10     | Killed a two-headed ogre
 13697 | D:10     | Reached skill level 9 in Unarmed Combat
 13711 | D:10     | Found an iron altar of Okawaru.
 13712 | D:10     | Found a snail-covered altar of Cheibriados.
 13714 | D:10     | Fell from the grace of Elyvilon
 13714 | D:10     | Became a worshipper of Warmaster Okawaru
 13843 | D:10     | Found a staircase to the Lair.
 14055 | D:10     | Found a radiant altar of Vehumet.
 14089 | D:10     | Reached * piety under Okawaru
 14090 | D:10     | Reached XP level 12. HP: 143/143 MP: 16/16
 14493 | D:10     | Reached skill level 10 in Unarmed Combat
 14626 | D:10     | Reached ** piety under Okawaru
 14755 | D:10     | Noticed a two-headed ogre
 14766 | D:10     | Killed a two-headed ogre
 15153 | Lair:1   | Entered Level 1 of the Lair of Beasts
 15153 | Lair:1   | Noticed a minotaur
 15154 | Lair:1   | Noticed zenocrate's ghost (journeyman VSFi)
 15193 | D:10     | Reached skill level 11 in Unarmed Combat
 15323 | Lair:1   | Reached *** piety under Okawaru
 15688 | Lair:1   | Noticed Harold
 15703 | Lair:1   | Killed Harold
 15737 | Lair:1   | Reached skill level 12 in Unarmed Combat
 15749 | Lair:1   | Reached **** piety under Okawaru
 15981 | Lair:1   | Noticed a skyshark
 16003 | Lair:1   | Reached XP level 13. HP: 124/150 MP: 15/17
 16126 | Lair:1   | Reached skill level 7 in Invocations
 16258 | Lair:1   | Identified the +1 scale mail of Gravitas {^Drain Will+
                  | Dex+3}
 16279 | Lair:1   | Reached ***** piety under Okawaru
 16462 | Lair:1   | Reached skill level 8 in Invocations
 16464 | Lair:1   | Received a gift from Okawaru
 17142 | Lair:1   | Found a runed translucent gate.
 17143 | Lair:1   | Found a runed translucent gate.
 17144 | Lair:1   | Found a runed translucent gate.
 17674 | Lair:2   | Reached skill level 9 in Invocations
 17699 | Lair:2   | Found a hole to the Spider Nest.
 17711 | Lair:2   | Reached skill level 5 in Throwing
 18255 | Lair:2   | Found a glowing silver altar of Zin.
 18956 | Lair:3   | Reached skill level 6 in Throwing
 18989 | Lair:3   | Reached skill level 10 in Invocations
 19214 | Lair:3   | Received a gift from Okawaru
 19233 | Lair:3   | Reached skill level 7 in Throwing
 19436 | Lair:3   | Reached skill level 8 in Throwing
 19460 | Lair:3   | Found a staircase to the Shoals.
 19635 | Lair:3   | Reached skill level 8 in Armour
 19669 | Lair:3   | Reached XP level 14. HP: 106/159 MP: 21/21
 20454 | Lair:4   | Received a gift from Okawaru
 20528 | Lair:4   | Reached skill level 9 in Armour
 20897 | Lair:4   | Reached skill level 1 in Shields
 21040 | Lair:4   | Found a staircase to the Slime Pits.
 21245 | Lair:4   | Reached skill level 2 in Shields
 21455 | Lair:5   | Entered Level 5 of the Lair of Beasts
 21834 | Lair:5   | Reached skill level 3 in Shields
 21958 | Lair:5   | Reached ****** piety under Okawaru
 21960 | Lair:5   | Received a gift from Okawaru
 21970 | Lair:5   | Reached skill level 4 in Shields
 22147 | Lair:5   | Acquired a +0 spectral giant club
 22147 | Lair:5   | Received a gift from Okawaru
 22148 | Lair:5   | Acquired the +2 hat of Resonance {Regen+}
 22148 | Lair:5   | Received a gift from Okawaru
 22220 | Lair:5   | Reached skill level 10 in Armour
 22264 | Lair:5   | Reached skill level 5 in Shields
 22469 | Lair:5   | Reached skill level 6 in Shields
 22645 | Lair:5   | Received a gift from Okawaru
 22749 | Lair:5   | Reached skill level 7 in Shields
 23027 | Lair:5   | Received a gift from Okawaru
 23578 | D:11     | Noticed Amaemon
 23586 | D:11     | Reached XP level 15. HP: 162/169 MP: 19/22
 23594 | D:11     | Killed Amaemon
 23927 | D:11     | Found a staircase to the Orcish Mines.
 24011 | D:11     | Reached skill level 13 in Unarmed Combat
 24081 | D:11     | Noticed Urug
 24093 | D:11     | Killed Urug
 24094 | D:11     | Reached skill level 7 in Shapeshifting
 24252 | D:11     | Received a gift from Okawaru
 24629 | Orc:1    | Entered Level 1 of the Orcish Mines
 24641 | Orc:1    | Reached skill level 16 in Fighting
 25606 | Orc:2    | Entered Level 2 of the Orcish Mines
 25936 | Orc:2    | Found a staircase to the Elven Halls.
 26176 | Orc:2    | Received a gift from Okawaru
 26225 | Orc:2    | Reached skill level 14 in Unarmed Combat
 26419 | Orc:2    | Paralysed by something for 5 turns
 26617 | Orc:2    | Received a gift from Okawaru
 26662 | Orc:2    | Paralysed by an ogre mage for 3 turns
 26749 | Orc:2    | Reached skill level 8 in Shapeshifting
 26962 | Orc:2    | Found Pucky's Distillery.
 26962 | Orc:2    | Found Pysuik's General Store.
 26963 | Orc:2    | Found Ahugost's General Store.
 26963 | Orc:2    | Found Pian's General Store.
 26971 | Orc:2    | Bought a potion of invisibility for 96 gold pieces
 26971 | Orc:2    | Bought a potion of ambrosia for 96 gold pieces
 26971 | Orc:2    | Bought a potion of curing for 36 gold pieces
 26971 | Orc:2    | Bought a potion of cancellation for 96 gold pieces
 26973 | Orc:2    | Bought a scroll of identify for 28 gold pieces
 26973 | Orc:2    | Bought a phial of floods for 560 gold pieces
 26976 | Orc:2    | Bought a scroll of identify for 28 gold pieces
 26976 | Orc:2    | Bought a potion of might for 56 gold pieces
 27448 | D:12     | Noticed Jorgrun
 27455 | D:12     | Killed Jorgrun
 27550 | D:12     | Found a frozen archway.
 27602 | IceCv    | Entered an ice cave
 27616 | IceCv    | Reached skill level 9 in Shapeshifting
 27704 | IceCv    | Received a gift from Okawaru
 28152 | IceCv    | Identified a +0 crystal plate armour of cold resistance
 28207 | IceCv    | Reached XP level 16. HP: 179/179 MP: 23/23
 28234 | IceCv    | Reached skill level 10 in Shapeshifting
 28716 | IceCv    | Received a gift from Okawaru
 28974 | D:12     | Found an iron altar of Okawaru.
 29354 | D:12     | Identified a potion of resistance
 29732 | D:12     | Reached skill level 11 in Shapeshifting
 30414 | D:13     | Found a gate to the Vaults.
 30512 | D:13     | Received a gift from Okawaru
 30534 | D:13     | Noticed Rupert
 30539 | D:13     | Killed Rupert
 30651 | D:13     | Reached skill level 12 in Shapeshifting
 30834 | D:14     | Found a gate leading to a gauntlet.
 30840 | Gauntlet | Entered a Gauntlet
 30840 | Gauntlet | Found a transporter.
 30849 | Gauntlet | Found a transporter.
 30852 | Gauntlet | Found a transporter.
 30853 | Gauntlet | Found a transporter.
 30861 | Gauntlet | Found a transporter.
 30864 | Gauntlet | Found a transporter.
 30865 | Gauntlet | Found a transporter.
 30873 | Gauntlet | Found a runed translucent door.
 30877 | Gauntlet | Found a transporter.
 30878 | Gauntlet | Found a transporter.
 30886 | Gauntlet | Found a transporter.
 30889 | Gauntlet | Found a transporter.
 30890 | Gauntlet | Found a transporter.
 30894 | Gauntlet | Found a transporter.
 30896 | Gauntlet | Found a runed translucent gate.
 30896 | Gauntlet | Found a runed translucent gate.
 30896 | Gauntlet | Found a runed translucent gate.
 30898 | Gauntlet | Found a transporter.
 31292 | D:14     | Found Saelupryuf's Magic Scroll Boutique.
 31301 | D:14     | Bought a scroll of acquirement for 572 gold pieces
 31337 | D:14     | Received a gift from Okawaru
 31991 | D:15     | Entered Level 15 of the Dungeon
 31991 | D:15     | Identified a +1 buckler of resistance
 32073 | D:15     | Reached skill level 13 in Shapeshifting
 32139 | D:15     | Found Wing's Antique Weapon Shop.
 32139 | D:15     | Identified the blade talisman of Limited Liability {Int+4}
 32237 | D:15     | Noticed Josephine
 32243 | D:15     | Killed Josephine
 32475 | D:15     | Received a gift from Okawaru
 32883 | D:15     | Reached skill level 14 in Shapeshifting
 33084 | D:15     | Found a staircase to the Depths.
 33106 | D:15     | Received a gift from Okawaru
 33107 | D:15     | Reached XP level 17. HP: 187/187 MP: 24/24
 33597 | Spider:1 | Entered Level 1 of the Spider Nest
 34083 | Spider:1 | Received a gift from Okawaru
 34087 | Spider:1 | Reached skill level 15 in Shapeshifting
 34757 | Spider:2 | Received a gift from Okawaru
 35091 | Spider:2 | Reached skill level 16 in Shapeshifting
 35174 | Spider:2 | Noticed Asterion
 35219 | Spider:2 | Killed Asterion
 35455 | Spider:2 | Reached skill level 15 in Unarmed Combat
 35557 | Spider:2 | Received a gift from Okawaru
 35558 | Spider:2 | Reached skill level 8 in Shields
 35697 | Spider:2 | Noticed Arachne
 35719 | Spider:2 | Killed Arachne
 36189 | Spider:3 | Reached skill level 9 in Shields
 36308 | Spider:3 | Reached XP level 18. HP: 149/196 MP: 25/25
 36738 | Spider:3 | Identified a scarf of resistance
 36769 | Spider:3 | Found a runed translucent door.
 36904 | Spider:3 | Identified the +5 whip of Dowdy Duty {drain, rN+}
 36926 | Spider:3 | Received a gift from Okawaru
 37116 | Spider:4 | Entered Level 4 of the Spider Nest
 37406 | Spider:3 | Reached skill level 10 in Shields
 37613 | Spider:4 | Reached skill level 16 in Unarmed Combat
 37691 | Spider:4 | Received a gift from Okawaru
 37928 | Spider:4 | Got a gossamer rune of Zot
 38129 | Spider:4 | Received a gift from Okawaru
 38662 | Shoals:1 | Entered Level 1 of the Shoals
 38698 | Shoals:1 | Reached skill level 17 in Unarmed Combat
 39067 | Shoals:1 | Received a gift from Okawaru
 39123 | Shoals:1 | Found Haklejet's Antique Armour Shop.
 39748 | Shoals:2 | Reached skill level 9 in Throwing
 39844 | Shoals:2 | Received a gift from Okawaru
 40070 | Shoals:2 | Noticed Ilsuiw
 40080 | Shoals:2 | Killed Ilsuiw
 40081 | Shoals:2 | Reached XP level 19. HP: 204/204 MP: 26/26
 40150 | Shoals:2 | Noticed Frances
 40167 | Shoals:2 | Killed Frances
 40211 | Shoals:2 | Noticed Roxanne
 40231 | Shoals:2 | Noticed Polyphemus
 40234 | Shoals:2 | Reached skill level 10 in Throwing
 40245 | Shoals:2 | Killed Polyphemus
 40316 | Shoals:2 | Noticed Donald
 40321 | Shoals:2 | Killed Donald
 40329 | Shoals:2 | Found a transporter.
 40334 | Shoals:2 | Identified the orb "Luse Uwuopn" {*channel, Dex+4}
 40346 | Shoals:2 | Got the Folio of Frostbitten Conflagration
 40869 | Shoals:3 | Reached skill level 11 in Throwing
 40914 | Shoals:3 | Received a gift from Okawaru
 41006 | Shoals:3 | Reached skill level 12 in Throwing
 41697 | Shoals:4 | Entered Level 4 of the Shoals
 41808 | Shoals:4 | Received a gift from Okawaru
 42419 | Shoals:4 | Reached skill level 17 in Fighting
 42420 | Shoals:4 | Found the +7 Spriggan's Knife {stab, EV+4 Stlth+}
 42528 | Shoals:4 | Received a gift from Okawaru
 42573 | Shoals:4 | Reached skill level 18 in Unarmed Combat
 42672 | Shoals:4 | Identified the +1 sling of Weuschop {elec, rElec rF- rN+
                  | Will+}
 42851 | Shoals:4 | Got a barnacled rune of Zot
 43489 | Vaults:1 | Entered Level 1 of the Vaults
 43690 | Vaults:1 | Reached XP level 20. HP: 221/221 MP: 27/27
 43766 | Vaults:1 | Received a gift from Okawaru
 43888 | Vaults:1 | Found Qian Abu's Assorted Antiques.
 43896 | Vaults:1 | Acquired 1247 gold pieces
 43898 | Vaults:1 | Bought a scroll of acquirement for 1352 gold pieces
 43898 | Vaults:1 | Acquired the +1 cloak of Wacimunn {rC+ Regen+}
 44234 | Vaults:1 | Reached skill level 11 in Shields
 44272 | Vaults:1 | Received a gift from Okawaru
 44525 | Vaults:1 | Reached skill level 12 in Shields
 44714 | Vaults:1 | Identified the +6 morningstar of Fuce Iligh {flame,
                  | *Corrode rElec rPois rC+}
 44833 | Vaults:1 | Received a gift from Okawaru
 45150 | Vaults:2 | Found the ring of the Mage {Wiz Archmagi}
 45457 | Vaults:2 | Found a huge runed translucent gate.
 45457 | Vaults:2 | Found a huge runed translucent gate.
 45457 | Vaults:2 | Found a huge runed translucent gate.
 45457 | Vaults:2 | Found a huge runed translucent gate.
 45457 | Vaults:2 | Found a huge runed translucent gate.
 45457 | Vaults:2 | Found a huge runed translucent gate.
 45457 | Vaults:2 | Found a huge runed translucent gate.
 45457 | Vaults:2 | Found a huge runed translucent gate.
 45457 | Vaults:2 | Found a huge runed translucent gate.
 45458 | Vaults:2 | Found a huge runed translucent gate.
 45458 | Vaults:2 | Found a huge runed translucent gate.
 45458 | Vaults:2 | Found a huge runed translucent gate.
 45458 | Vaults:2 | Found a huge runed translucent gate.
 45464 | Vaults:2 | Found a huge runed translucent gate.
 45465 | Vaults:2 | Found a huge runed translucent gate.
 45465 | Vaults:2 | Found a huge runed translucent gate.
 45465 | Vaults:2 | Found a huge runed translucent gate.
 45465 | Vaults:2 | Found a huge runed translucent gate.
 45467 | Vaults:2 | Found a huge runed translucent gate.
 45468 | Vaults:2 | Found a huge runed translucent gate.
 45469 | Vaults:2 | Found a huge runed translucent gate.
 45469 | Vaults:2 | Found a huge runed translucent gate.
 45474 | Vaults:2 | Found a huge runed translucent gate.
 45475 | Vaults:2 | Found a huge runed translucent gate.
 45475 | Vaults:2 | Found a huge runed translucent gate.
 45475 | Vaults:2 | Found a huge runed translucent gate.
 45475 | Vaults:2 | Found a huge runed translucent gate.
 45477 | Vaults:2 | Found a huge runed translucent gate.
 45478 | Vaults:2 | Found a huge runed translucent gate.
 45479 | Vaults:2 | Found a huge runed translucent gate.
 45479 | Vaults:2 | Found a huge runed translucent gate.
 45483 | Vaults:2 | Found a huge runed translucent gate.
 45484 | Vaults:2 | Found a huge runed translucent gate.
 45485 | Vaults:2 | Found a huge runed translucent gate.
 45485 | Vaults:2 | Found a huge runed translucent gate.
 45487 | Vaults:2 | Found a huge runed translucent gate.
 45583 | Vaults:2 | Received a gift from Okawaru
 45894 | Vaults:2 | Reached skill level 17 in Shapeshifting
 46104 | Vaults:2 | Found Suak's Book Shoppe.
 46132 | Vaults:2 | Received a gift from Okawaru
 46362 | Vaults:2 | You fall into a shaft and drop 2 floors!
 46411 | Vaults:4 | Reached XP level 21. HP: 228/228 MP: 22/28
 46441 | Vaults:3 | Found a huge runed translucent gate.
 46441 | Vaults:3 | Found a huge runed translucent gate.
 46441 | Vaults:3 | Found a huge runed translucent gate.
 46441 | Vaults:3 | Found a huge runed translucent gate.
 46441 | Vaults:3 | Found a huge runed translucent gate.
 46441 | Vaults:3 | Found a huge runed translucent gate.
 46441 | Vaults:3 | Found a huge runed translucent gate.
 46442 | Vaults:3 | Found a huge runed translucent gate.
 46442 | Vaults:3 | Found a huge runed translucent gate.
 46442 | Vaults:3 | Found a huge runed translucent gate.
 46442 | Vaults:3 | Found a huge runed translucent gate.
 46442 | Vaults:3 | Found a huge runed translucent gate.
 46443 | Vaults:3 | Found a huge runed translucent gate.
 46443 | Vaults:3 | Found a huge runed translucent gate.
 46445 | Vaults:3 | Found a huge runed translucent gate.
 46445 | Vaults:3 | Found a huge runed translucent gate.
 46447 | Vaults:3 | Found a huge runed translucent gate.
 46448 | Vaults:3 | Found a huge runed translucent gate.
 46449 | Vaults:3 | Found a huge runed translucent gate.
 46451 | Vaults:3 | Reached skill level 18 in Shapeshifting
 46451 | Vaults:3 | Found a huge runed translucent gate.
 46451 | Vaults:3 | Found a huge runed translucent gate.
 46488 | Vaults:3 | Received a gift from Okawaru
 46525 | Vaults:3 | Found a huge runed translucent gate.
 46526 | Vaults:3 | Found a huge runed translucent gate.
 46527 | Vaults:3 | Found a huge runed translucent gate.
 46527 | Vaults:3 | Found a huge runed translucent gate.
 46529 | Vaults:3 | Found a huge runed translucent gate.
 46530 | Vaults:3 | Found a huge runed translucent gate.
 46531 | Vaults:3 | Found a huge runed translucent gate.
 46532 | Vaults:3 | Found a huge runed translucent gate.
 46532 | Vaults:3 | Found a huge runed translucent gate.
 46537 | Vaults:3 | Found a huge runed translucent gate.
 46538 | Vaults:3 | Found a huge runed translucent gate.
 46538 | Vaults:3 | Found a huge runed translucent gate.
 46538 | Vaults:3 | Found a huge runed translucent gate.
 46538 | Vaults:3 | Found a huge runed translucent gate.
 46540 | Vaults:3 | Found a huge runed translucent gate.
 47056 | Vaults:3 | Reached skill level 19 in Shapeshifting
 47170 | Vaults:3 | Received a gift from Okawaru
 47536 | Vaults:3 | Found a staircase to the Crypt.
 47536 | Vaults:3 | Found an ancient bone altar of Kikubaaqudgha.
 47536 | Vaults:3 | Found a basalt altar of Yredelemnul.
 47869 | Vaults:4 | Received a gift from Okawaru
 47875 | Vaults:4 | Reached skill level 20 in Shapeshifting
 48412 | Vaults:4 | Reached XP level 22. HP: 237/237 MP: 23/29
 48454 | Vaults:4 | Acquired 888 gold pieces
 48516 | Vaults:4 | Received a gift from Okawaru
 48540 | Vaults:4 | Reached skill level 21 in Shapeshifting
 48723 | Vaults:4 | Upgraded the game from 0.31-a0-1611-g890cdf5628 to
                  | 0.31-a0-1616-gbeaec30b81
 48932 | Depths:1 | Entered Level 1 of the Depths
 49022 | Depths:1 | Noticed Bai Suzhen
 49032 | Depths:1 | Killed Bai Suzhen
 49054 | Depths:1 | Found a gateway to Hell.
 49463 | Depths:1 | Found a one-way gateway to a ziggurat.
 49464 | Depths:1 | Noticed the Enchantress
 49475 | Arena    | Entered the Arena
 49487 | Arena    | Killed the Enchantress
 49625 | Depths:1 | Found a one-way gate to the infinite horrors of the Abyss.
 49776 | Depths:1 | Found an ornate altar of the Wu Jian Council.
 49852 | Depths:1 | Received a gift from Okawaru
 49995 | Depths:2 | Reached skill level 22 in Shapeshifting
 50378 | Depths:2 | Received a gift from Okawaru
 50847 | Depths:2 | Found a one-way gate leading to the halls of Pandemonium.
 51028 | Depths:2 | Got the Quarto of Caustic Curses
 51356 | Depths:2 | Found a glowing silver altar of Zin.
 51495 | Depths:3 | Received a gift from Okawaru
 51597 | Depths:3 | Reached skill level 23 in Shapeshifting
 51642 | Depths:3 | Noticed Mara
 51650 | Depths:3 | Noticed Drazool's illusion
 51650 | Depths:3 | Killed Mara
 51651 | Depths:3 | Reached skill level 3 in Dodging
 51651 | Depths:3 | Reached XP level 23. HP: 246/247 MP: 30/30
 51693 | Depths:3 | Reached skill level 4 in Dodging
 51794 | Depths:3 | Reached skill level 5 in Dodging
 52034 | Depths:3 | Found a white marble altar of Elyvilon.
 52106 | Depths:3 | Noticed a juggernaut
 52110 | Depths:3 | Killed a juggernaut
 52384 | Depths:3 | Reached skill level 6 in Dodging
 52398 | Depths:3 | Noticed a golden dragon
 52402 | Depths:3 | Killed a golden dragon
 52402 | Depths:3 | Received a gift from Okawaru
 52405 | Depths:3 | Identified the +8 chain mail of Isicyus {Rampage Int+3}
 52418 | Depths:3 | Identified the +4 mace "Weaciano" {speed, Int+2}
 52489 | Depths:3 | Reached skill level 7 in Dodging
 52924 | Depths:3 | Identified the +3 war axe of Propriety {freeze, +Blink rF++
                  | Str-4 Int+3}
 53076 | Depths:3 | Reached skill level 8 in Dodging
 53125 | Depths:4 | Entered Level 4 of the Depths
 53275 | Depths:4 | Received a gift from Okawaru
 53279 | Depths:4 | Reached skill level 9 in Dodging
 53470 | Depths:4 | Found a gate to the Realm of Zot.
 53471 | Depths:4 | Noticed a golden dragon
 54169 | Depths:4 | Reached skill level 10 in Dodging
 54173 | Depths:4 | Received a gift from Okawaru
 54177 | Depths:4 | Reached skill level 18 in Fighting
 54300 | Depths:4 | Killed a golden dragon
 54620 | Depths:4 | Found a shimmering blue altar of Sif Muna.
 54998 | Depths:4 | Found a shimmering blue altar of Sif Muna.
 55371 | Vaults:5 | Entered Level 5 of the Vaults
 55399 | Vaults:5 | Reached skill level 19 in Fighting
 55459 | Vaults:5 | Received a gift from Okawaru
 55514 | Vaults:5 | Identified the ring "Sufi" {Fly rF+ Dex+5}
 55564 | Vaults:5 | Reached skill level 20 in Fighting
 55819 | Vaults:5 | Reached XP level 24. HP: 257/265 MP: 30/30
 56027 | Vaults:5 | Received a gift from Okawaru
 56028 | Vaults:5 | Reached skill level 19 in Unarmed Combat
 56095 | Vaults:5 | Got Itun's Anthology of the Changed Icicle
 56346 | Vaults:5 | Identified the ring of Cejeih {Fire Str+3}
 56498 | Vaults:5 | Identified the +16 plate armour of the Quahog {SInv}
 56552 | Vaults:5 | Found Osip's General Store.
 56761 | Vaults:5 | Received a gift from Okawaru
 56975 | Vaults:5 | Identified the +7 chain mail of the Disbelieving Gods
                  | {rElec rF++ rN+ Dex-2}
 57109 | Vaults:5 | Identified the +8 hand axe of the Charred God {heavy,
                  | ^Contam Dex+4 SInv}
 57204 | Vaults:5 | Reached skill level 20 in Unarmed Combat
 57220 | Vaults:5 | Identified the +7 quick blade "Unwog" {heavy, rN+ Dex+5}
 57227 | Vaults:5 | Identified the +0 robe of Pandemonium {Archmagi}
 57229 | Vaults:5 | Identified the +2 pair of gloves "Ciewnuiq" {rCorr Str+4
                  | Int+4}
 57455 | Vaults:5 | Got a silver rune of Zot
 57469 | Vaults:5 | Reached skill level 11 in Invocations
 58240 | Elf:1    | Entered Level 1 of the Elven Halls
 58257 | Elf:1    | Received a gift from Okawaru
 58310 | Elf:1    | Reached skill level 11 in Dodging
 58356 | Elf:1    | Got the Handbook of the Mausoleum
 58436 | Elf:1    | Found Olyuch Heudgh's Antique Weapon Shoppe.
 58604 | Elf:1    | Identified the +4 scale mail of Weirdness {rPois Dex+3}
 58687 | Elf:1    | Noticed Zenata
 58693 | Elf:1    | Killed Zenata
 58896 | Elf:1    | Identified the +11 whip of Caustic Expedience {freeze, rF+}
 59299 | Elf:2    | Found a radiant altar of Vehumet.
 59307 | Elf:2    | Paralysed by an air elemental for 1 turns
 59338 | Elf:2    | Reached skill level 12 in Dodging
 59350 | Elf:2    | Paralysed by an air elemental for 1 turns
 59359 | Elf:2    | Reached skill level 1 in Evocations
 59362 | Elf:2    | Received a gift from Okawaru
 59555 | Elf:2    | Found a runed translucent gate.
 59555 | Elf:2    | Found a runed translucent gate.
 59556 | Elf:2    | Found a runed translucent gate.
 59650 | Elf:2    | Reached skill level 2 in Evocations
 59702 | Elf:2    | Reached skill level 3 in Evocations
 59733 | Elf:2    | Found Qeneukhla's Jewellery Emporium.
 59934 | Elf:3    | Entered Level 3 of the Elven Halls
 59934 | Elf:3    | Found Wiloxy's Magic Scroll Emporium.
 59955 | Elf:3    | Bought a scroll of acquirement for 1040 gold pieces
 59955 | Elf:3    | Acquired 1016 gold pieces
 60053 | Elf:3    | Reached skill level 4 in Evocations
 60233 | Elf:3    | Reached XP level 25. HP: 178/273 MP: 31/31
 61147 | Elf:3    | Received a gift from Okawaru
 61270 | Elf:3    | Identified the +4 scimitar "Xitiafo" {elec, rElec rN+
                  | Will+++ Str-4}
 61964 | Elf:3    | Identified the amulet "Haocla" {Reflect rC+ rN++ Regen+
                  | Str-4 SH+5}
 61973 | Elf:3    | Identified the ring "Wilall" {rF+ rN+ Int+6 SInv}
 61973 | Elf:3    | Identified the ring of Daisies {rElec rF- rC+ Dex+2 SInv}
 62408 | Elf:3    | Identified the ring of Asceticism {+Blink rPois AC+4 Int+4}
 62607 | Elf:3    | Got the Directory of Movement
 62628 | Elf:3    | Identified the +0 scale mail of Maniab {Dex+3}
 62963 | Crypt:1  | Entered Level 1 of the Crypt
 63031 | Crypt:1  | Reached skill level 21 in Unarmed Combat
 63283 | Crypt:1  | Received a gift from Okawaru
 63305 | Crypt:1  | Noticed Sojobo
 63338 | Crypt:1  | Paralysed by an air elemental for 1 turns
 63343 | Crypt:1  | Killed Sojobo
 63344 | Crypt:1  | Noticed Boris
 63435 | Crypt:1  | Killed Boris
 64675 | Crypt:2  | Noticed Grunn
 64677 | Crypt:2  | Reached skill level 13 in Throwing
 64701 | Crypt:2  | Killed Grunn
 64701 | Crypt:2  | Received a gift from Okawaru
 65394 | Zot:1    | Entered Level 1 of the Realm of Zot
 65404 | Zot:1    | Noticed an orb of fire
 65417 | Zot:1    | Killed an orb of fire
 65648 | Depths:4 | Received a gift from Okawaru
 65758 | Zot:1    | Reached skill level 14 in Throwing
 65801 | Depths:4 | Reached skill level 22 in Unarmed Combat
 66175 | Depths:4 | Reached skill level 11 in Armour
 66310 | Zot:1    | Received a gift from Okawaru
 66618 | Zot:1    | Reached XP level 26. HP: 265/283 MP: 11/31
 67638 | Zot:2    | Received a gift from Okawaru
 67953 | Zot:2    | Noticed a curse toe
 67956 | Zot:2    | Found an ancient bone altar of Kikubaaqudgha.
 67959 | Zot:2    | Killed a curse toe
 68035 | Zot:2    | Noticed an electric golem
 68058 | Zot:2    | Killed an electric golem
 68150 | Zot:2    | Reached skill level 21 in Fighting
 68636 | Zot:3    | Received a gift from Okawaru
 68637 | Zot:3    | Noticed an electric golem
 68976 | Zot:2    | Killed an electric golem
 69220 | Zot:3    | Received a gift from Okawaru
 69793 | D:6      | Killed snarfax's ghost
 70528 | Zot:4    | Noticed a curse toe
 70537 | Zot:4    | Killed a curse toe
 70697 | Zot:4    | Reached skill level 22 in Fighting
 70952 | Zot:4    | Received a gift from Okawaru
 71003 | Zot:4    | Noticed a curse toe
 71006 | Zot:4    | Killed a curse toe
 71129 | Zot:4    | Noticed a curse toe
 71134 | Zot:4    | Killed a curse toe
 71156 | Zot:4    | Reached XP level 27. HP: 300/300 MP: 31/31
 71272 | Zot:4    | Reached skill level 13 in Shields
 71291 | Zot:4    | Found a transporter.
 71411 | Zot:4    | Found a shimmering blue altar of Sif Muna.
 71567 | Zot:5    | Entered Level 5 of the Realm of Zot
 71769 | Zot:5    | Identified the +5 long sword "Tifeirha" {elec, +Blink}
 71802 | Zot:5    | Identified the +0 leather armour of the Pink Corner {rF+
                  | Int+3}
 72159 | Zot:5    | Received a gift from Okawaru
 72248 | Zot:5    | Reached skill level 14 in Shields
 72271 | Zot:5    | Noticed a curse toe
 72294 | Zot:5    | Killed a curse toe
 72372 | Zot:5    | Noticed an orb of fire
 72382 | Zot:5    | Noticed an ancient lich
 72383 | Zot:5    | Noticed an electric golem
 72385 | Zot:5    | Killed an orb of fire
 72389 | Zot:5    | Killed an ancient lich
 72389 | Zot:5    | Received a gift from Okawaru
 72424 | Zot:5    | Noticed an orb of fire
 72439 | Zot:5    | Killed an orb of fire
 72440 | Zot:5    | Reached skill level 15 in Shields
 72491 | Zot:5    | Killed an electric golem
 72569 | Zot:5    | Noticed an orb of fire
 72580 | Zot:5    | Killed an orb of fire
 72752 | Zot:5    | Received a gift from Okawaru
 72755 | Zot:5    | Reached skill level 16 in Shields
 72773 | Zot:5    | Noticed an orb of fire
 72775 | Zot:5    | Noticed a dread lich
 72779 | Zot:5    | Noticed an ancient lich
 72780 | Zot:5    | Killed an orb of fire
 72781 | Zot:5    | Noticed a curse toe
 72782 | Zot:5    | Killed a dread lich
 72783 | Zot:5    | Noticed an orb of fire
 72784 | Zot:5    | Noticed an orb of fire
 72791 | Zot:5    | Killed an orb of fire
 72791 | Zot:5    | Received a gift from Okawaru
 72797 | Zot:5    | Killed a curse toe
 72806 | Zot:5    | Killed an orb of fire
 72807 | Zot:5    | Reached skill level 17 in Shields
 72810 | Zot:5    | Killed an ancient lich
 72821 | Zot:5    | Noticed a curse toe
 72828 | Zot:5    | Noticed a dread lich
 72839 | Zot:5    | Received a gift from Okawaru
 72844 | Zot:5    | Killed a curse toe
 72847 | Zot:5    | Killed a dread lich
 72917 | Zot:5    | Got the Orb of Zot
 72941 | Zot:5    | Noticed an electric golem
 72947 | Zot:5    | Killed an electric golem
 72987 | Zot:4    | Reached skill level 18 in Shields
 73047 | Zot:2    | Noticed Itutaqah the pandemonium lord
 73108 | Depths:4 | Noticed Runneghye the pandemonium lord
 73108 | Depths:4 | Noticed an ancient lich
 73210 | D:15     | Noticed Boris
 73213 | D:15     | Killed Boris
 73511 | D:1      | Received a gift from Okawaru
 73544 | D:1      | Noticed Hiuvo the pandemonium lord
 73568 | D:$      | Escaped with the Orb!

Vanquished Creatures
  2 dread liches (Zot:5)
  Mara (Depths:3)
  2 ancient liches (Zot:5)
  7 orbs of fire
  A juggernaut (Depths:3)
  Bai Suzhen (Depths:1)
  Sojobo (Crypt:1)
  Boris (twice) (Crypt:1 D:15)
  6 Killer Klowns (Zot:5)
  7 curse toes
  the Enchantress (Arena)
  11 golden dragons
  A profane servitor (Zot:4)
  A bone dragon (Depths:4)
  Arachne (Spider:2)
  4 electric golems
  2 doom hounds (Crypt:2)
  Rupert (D:13)
  27 Orb Guardians
  A walking crystal tome (Depths:3)
  22 tentacled monstrosities
  A lich (Depths:2)
  Zenata (Elf:1)
  Jorgrun (D:12)
  Asterion (Spider:2)
  An Ice Fiend (D:1)
  Grunn (Crypt:2)
  5 sphinxes
  2 deep elf blademasters (Elf:3)
  2 deep elf master archers (Elf:3)
  Polyphemus (Shoals:2)
  4 titans (Vaults:5)
  7 quicksilver dragons
  2 ancient champions (Crypt:1)
  Frances (Shoals:2)
  9 tengu reavers
  A kraken (Shoals:3)
  9 shadow dragons
  15 storm dragons
  7 death cobs
  Ilsuiw (Shoals:2)
  Donald (Shoals:2)
  7 draconian knights
  3 draconian monks
  2 revenants (Crypt:1)
  5 fire giants
  A demonspawn warmonger (Depths:1)
  4 draconian shifters
  7 draconian scorchers
  3 deep elf sorcerers (Elf:3)
  2 balrugs
  3 emperor scorpions
  7 frost giants
  4 ghost moths
  An angel (Depths:1)
  6 deep elf elementalists (Elf:3)
  4 broodmothers
  14 vault wardens
  6 draconian stormcallers
  2 orc warlords (Vaults:1)
  A reaper (Crypt:2)
  A cacodemon (Depths:3)
  24 ironbound preservers
  5 ghouls (Crypt:1)
  5 draconian annihilators
  11 stone giants
  A formless jellyfish (Vaults:1)
  3 spriggan defenders (Depths:1)
  13 very ugly things
  9 ironbound thunderhulks
  A demonspawn blood saint (Depths:1)
  4 vampire knights
  11 green draconians
  7 deep elf demonologists
  6 deep elf death magi
  13 black draconians
  14 yellow draconians
  2 lorocyprocas
  15 purple draconians
  4 deep elf annihilators
  15 white draconians
  13 red draconians
  8 spark wasps
  13 dire elephants
  An eidolon (Crypt:2)
  14 ettins
  An ettin (shapeshifter) (Vaults:3)
  9 fire dragons
  8 merfolk javelineers
  5 jiangshi (Crypt:1)
  7 merfolk impalers
  Josephine (D:15)
  11 yaktaur captains
  12 entropy weavers
  Harold (Lair:1)
  4 deep elf high priests
  8 great orbs of eyes
  An ice dragon (D:13)
  4 rakshasas
  A hell beast (Depths:2)
  30 vault guards
  6 hydras
  2 jorogumos
  A peacekeeper (Vaults:4)
  6 catoblepae
  10 ironbound frosthearts
  13 centaur warriors
  2 sphinx zombies (D:15)
  Erica (D:10)
  An alligator snapping turtle (Shoals:2)
  4 spriggan air magi
  7 ogre magi
  2 radroaches
  2 death knights
  16 dancing weapons
  27 two-headed ogres
  8 merfolk avatars
  A satyr (Shoals:2)
  4 merfolk aquamancers
  A sphinx skeleton (D:15)
  6 tengu warriors
  5 boulder beetles
  11 deep troll earth magi
  8 deep troll shamans
  2 vampire magi (Crypt:1)
  8 demonic crawlers
  An orc high priest (Orc:2)
  20 death yaks
  Urug (D:11)
  5 hell knights
  4 soul eaters
  2 sun demons
  8 deep elf knights
  5 spriggan berserkers
  5 skysharks
  3 spriggans (Depths:1)
  Amaemon (D:11)
  2 shadow wraiths
  A fire crab (Shoals:1)
  4 pharaoh ants
  A storm dragon skeleton (Crypt:1)
  9 iron trolls
  A death drake (shapeshifter) (Vaults:5)
  3 glowing orange brains
  2 salamander mystics (Depths:3)
  11 skeletal warriors
  6 flayed ghosts
  A glowing orange brain (shapeshifter) (Vaults:5)
  21 sea snakes
  13 ironbound convokers
  5 steelbarb worms
  87 deep trolls
  A bog body (Crypt:1)
  15 deep elf archers
  2 orange crystal statues
  12 phantasmal warriors
  A sun moth (Spider:3)
  11 orb spiders
  5 arcanists
  19 deep elf pyromancers
  11 large abominations
  19 wolf spiders
  14 lindwurms
  50 harpies
  A faun (shapeshifter) (Vaults:5)
  16 deep elf zephyrmancers
  7 necromancers
  An oklob plant (Orc:1)
  A manticore (shapeshifter) (Vaults:3)
  6 cyclopes
  An orc sorcerer (Elf:1)
  7 orc knights
  27 moths of wrath
  11 fauns
  An elephant (shapeshifter) (Vaults:3)
  46 ugly things
  10 elephants
  6 salamanders (Depths:3)
  14 manticores
  A human zombie (Vaults:2)
  15 vault sentinels
  9 meliai
  A kobold blastminer (Orc:1)
  3 smoke demons
  A molten gargoyle (Lair:4)
  2 ice statues
  2 water nymphs (Shoals:4)
  6 merfolk sirens
  A black mamba (shapeshifter) (D:13)
  A torpor snail (shapeshifter) (Vaults:5)
  2 black mambas
  Maggie (D:8)
  17 cane toads
  5 gargoyles
  Jeremiah (D:6)
  An orange demon (D:11)
  A minotaur zombie (Crypt:1)
  An iron troll zombie (Crypt:2)
  2 kobold demonologists (D:10)
  8 rime drakes
  10 komodo dragons
  4 unseen horrors
  An unseen horror (shapeshifter) (D:13)
  26 yaktaurs
  A tormentor (D:14)
  7 freezing wraiths
  2 efreet
  A tengu conjurer (Depths:3)
  A queen bee (Spider:3)
  The ghost of snarfax the Ducker, a novice DESu (D:6)
  28 merfolk
  4 trolls
  6 polar bears
  5 wind drakes
  A polar bear (shapeshifter) (D:15)
  35 tarantellas
  Prince Ribbit (D:6)
  9 snapping turtles
  A culicivora zombie (Crypt:2)
  2 tarantellas (shapeshifter)
  A glass eye (Depths:3)
  2 hornets
  14 blink frogs
  A death drake skeleton (Crypt:2)
  11 dream sheep
  Sigmund (D:4)
  34 slime creatures
  40 jumping spiders
  7 air elementals
  6 wyverns
  A ynoxinul (Depths:4)
  An elf skeleton (Vaults:2)
  16 culicivoras
  12 water elementals
  12 wraiths
  2 vampires
  A shadow (D:11)
  67 yaks
  4 small abominations (Depths:2)
  A wind drake zombie (Crypt:2)
  2 wargs
  A warg (shapeshifter) (D:15)
  2 fire bats (Shoals:1)
  3 fire elementals
  5 basilisks
  5 vampire mosquitoes
  A human (D:11)
  A steam dragon (Lair:1)
  A steam dragon (shapeshifter) (Vaults:5)
  73 redbacks
  A redback (shapeshifter) (Vaults:5)
  Menkaure (D:6)
  2 chaos spawn (Depths:2)
  2 swamp worms (shapeshifter)
  A demonspawn zombie (Crypt:1)
  20 water moccasins
  5 acid dragons
  A fire bat skeleton (Crypt:1)
  A glowing shapeshifter zombie (Vaults:2)
  Pargi (D:4)
  A sky beast (D:6)
  An ice beast (D:8)
  A hornet zombie (Crypt:1)
  2 black bears
  21 orc warriors
  30 ogres
  38 wolves
  15 laughing skulls (Crypt:1)
  A crocodile (Sewer)
  10 centaurs
  2 phantoms
  A brain worm (Sewer)
  2 elf zombies (Elf:1)
  3 kobold brigands
  Blork the orc (D:5)
  18 bullfrogs
  A necrophage (Crypt:1)
  A gnoll sergeant (D:10)
  3 earth elementals
  6 scorpions
  A cyclops skeleton (Crypt:1)
  8 wights
  46 killer bees
  An electric eel (Elf:3)
  2 howler monkeys
  8 vampire bats (Bailey)
  4 wolf zombies (Bailey)
  14 orc priests
  6 hounds
  3 jellies (D:6)
  3 gnoll boudas
  4 iguanas
  Natasha (thrice) (D:4)
  22 orc wizards
  A black bear skeleton (Crypt:1)
  5 hell rats (Lair:1)
  Robin (D:1)
  18 gnolls
  9 adders
  2 river rats (Sewer)
  13 white imps
  4 ufetubi (D:6)
  An adder skeleton (Crypt:2)
  2 ribbon worms (D:3)
  5 dart slugs
  55 orcs
  15 ball pythons
  5 bats
  6 endoplasms
  5 giant cockroaches
  19 hobgoblins
  8 jackals
  5 quokkas
  5 frilled lizards
  24 goblins
  A jackal zombie (Crypt:2)
  14 kobolds
  20 orc zombies (Bailey)
  11 rats
  A rat skeleton (Crypt:2)
  A butterfly (Depths:3)
  4 tentacles (Shoals:3)
2397 creatures vanquished.

Vanquished Creatures (others)
  A draconian knight (Zot:3)
  A spark wasp (Spider:4)
  A wolf spider (Spider:3)
  A culicivora (Spider:3)
  A yak (D:9)
  A killer bee (D:9)
  An orc wizard (Orc:2)
  An orc (D:9)
  4 tentacles (Shoals:3)
12 creatures vanquished.

Grand Total: 2409 creatures vanquished

Table legend: (Time is in decaauts)
 A = Elapsed time spent in this place.
 B = Non-inter-level travel time spent in this place.
 C = Inter-level travel time spent in this place.
 D = Time resting spent in this place.
 E = Time spent auto-exploring this place.
 F = Levels seen in this place.
 G = Mean time per level.
                   A        B        C        D        E       F      G
               +--------+--------+--------+--------+--------+-----+--------+
         Total |  80899 |  74264 |   6635 |  11798 |  44327 |  55 | 1470.9 |
       Dungeon |  21706 |  18868 |   2838 |   2473 |  11915 |  15 | 1447.1 |
        Temple |     58 |     35 |     23 |      0 |      0 |   1 |   58.0 |
          Lair |   8110 |   7569 |    541 |    799 |   5232 |   5 | 1622.0 |
        Shoals |   6653 |   6296 |    357 |    723 |   3705 |   4 | 1663.2 |
   Spider Nest |   7385 |   7065 |    320 |    683 |   4300 |   4 | 1846.2 |
  Orcish Mines |   2420 |   2274 |    146 |    728 |    759 |   2 | 1210.0 |
   Elven Halls |   4457 |   4219 |    238 |   1089 |   2425 |   3 | 1485.7 |
        Vaults |  10693 |   9950 |    743 |   1591 |   5883 |   5 | 2138.6 |
         Crypt |   1983 |   1827 |    156 |     29 |   1280 |   2 |  991.5 |
        Depths |   8214 |   7575 |    639 |   1970 |   4303 |   4 | 2053.5 |
           Zot |   6067 |   5438 |    629 |    520 |   3461 |   5 | 1213.4 |
         Sewer |    907 |    907 |      0 |    100 |    603 |   1 |  907.0 |
        Bailey |    803 |    803 |      0 |    366 |     94 |   1 |  803.0 |
      Ice Cave |   1285 |   1285 |      0 |    723 |    255 |   1 | 1285.0 |
      Gauntlet |    140 |    140 |      0 |      0 |    111 |   1 |  140.0 |
         Arena |     13 |     13 |      0 |      0 |      0 |   1 |   13.0 |
               +--------+--------+--------+--------+--------+-----+--------+

Top non-repeatable levels by time:
    D:10: 2809 daAuts
Vaults:1: 2785 daAuts
   Elf:3: 2761 daAuts
Vaults:5: 2560 daAuts
     D:8: 2479 daAuts
Spider:2: 2472 daAuts
Depths:3: 2370 daAuts
Shoals:4: 2210 daAuts
  Lair:1: 2077 daAuts
Depths:4: 2073 daAuts
Depths:1: 2060 daAuts
Vaults:2: 2022 daAuts
Spider:3: 1790 daAuts
Spider:4: 1760 daAuts
Vaults:3: 1748 daAuts

Table legend:
 A = Non-vault XP
 B = Vault XP
 C = Vault XP percentage of total XP
 D = Non-vault monster count
 E = Vault monster count
 F = Vault count percentage of total count
                 A         B        C        D         E       F
            +---------+---------+-------+---------+---------+-------
      Total |  815263 |  598023 |  42.3 |    1489 |     893 |  37.5
            +---------+---------+-------+---------+---------+-------
        D:1 |      72 |      25 |  25.8 |      32 |       6 |  15.8
        D:2 |      78 |      30 |  27.8 |      24 |      11 |  31.4
        D:3 |     172 |      27 |  13.6 |      16 |       6 |  27.3
        D:4 |     179 |     403 |  69.2 |      19 |       8 |  29.6
        D:5 |     581 |      91 |  13.5 |      17 |       1 |   5.6
        D:6 |    1153 |    1523 |  56.9 |      41 |       7 |  14.6
        D:7 |     371 |       0 |   0.0 |       8 |       0 |   0.0
        D:8 |     905 |    3144 |  77.6 |      21 |      22 |  51.2
        D:9 |    1116 |       8 |   0.7 |      16 |       4 |  20.0
       D:10 |    7013 |    6210 |  47.0 |      32 |      24 |  42.9
       D:11 |    4203 |    3734 |  47.0 |      14 |      19 |  57.6
       D:12 |    5512 |    1872 |  25.4 |      21 |      13 |  38.2
       D:13 |    7098 |    5279 |  42.7 |      16 |       7 |  30.4
       D:14 |    9990 |    3510 |  26.0 |      23 |       7 |  23.3
       D:15 |   12944 |    7075 |  35.3 |      23 |      12 |  34.3
     Lair:1 |    6622 |    7088 |  51.7 |      38 |      22 |  36.7
     Lair:2 |    3046 |    1480 |  32.7 |      12 |       6 |  33.3
     Lair:3 |   12618 |     435 |   3.3 |      37 |       1 |   2.6
     Lair:4 |    9235 |       0 |   0.0 |      36 |       0 |   0.0
     Lair:5 |   10841 |   10965 |  50.3 |      31 |      23 |  42.6
   Shoals:1 |   14516 |    4022 |  21.7 |      28 |       9 |  24.3
   Shoals:2 |    8854 |   10081 |  53.2 |      15 |      11 |  42.3
   Shoals:3 |   13700 |    9940 |  42.0 |      23 |      13 |  36.1
   Shoals:4 |   20761 |   20487 |  49.7 |      42 |      32 |  43.2
   Spider:1 |   13968 |       0 |   0.0 |      42 |       0 |   0.0
   Spider:2 |   29415 |    6581 |  18.3 |      68 |      17 |  20.0
   Spider:3 |   16174 |    8286 |  33.9 |      41 |      37 |  47.4
   Spider:4 |    7539 |   22147 |  74.6 |      13 |      47 |  78.3
      Orc:1 |    3767 |    2467 |  39.6 |      41 |       5 |  10.9
      Orc:2 |    1408 |   18339 |  92.9 |      13 |      41 |  75.9
      Elf:1 |   18587 |    5549 |  23.0 |      30 |      10 |  25.0
      Elf:2 |   17213 |     831 |   4.6 |      30 |       1 |   3.2
      Elf:3 |    8835 |   36433 |  80.5 |      13 |      38 |  74.5
   Vaults:1 |   31544 |   24218 |  43.4 |      44 |      33 |  42.9
   Vaults:2 |   25701 |   12527 |  32.8 |      42 |      21 |  33.3
   Vaults:3 |   31422 |   24842 |  44.2 |      41 |      37 |  47.4
   Vaults:4 |   44853 |   22489 |  33.4 |      58 |      26 |  31.0
   Vaults:5 |   28704 |   83151 |  74.3 |      46 |      81 |  63.8
    Crypt:1 |   29805 |    9493 |  24.2 |      53 |       4 |   7.0
    Crypt:2 |    9505 |   10293 |  52.0 |      18 |       9 |  33.3
   Depths:1 |   31059 |   19917 |  39.1 |      38 |      19 |  33.3
   Depths:2 |   14641 |   17771 |  54.8 |      15 |      29 |  65.9
   Depths:3 |   32002 |   23487 |  42.3 |      43 |      12 |  21.8
   Depths:4 |   48528 |   22689 |  31.9 |      49 |      21 |  30.0
      Zot:1 |   37162 |       0 |   0.0 |      32 |       0 |   0.0
      Zot:2 |   56810 |    2141 |   3.6 |      49 |       1 |   2.0
      Zot:3 |   31848 |    1970 |   5.8 |      21 |       1 |   4.5
      Zot:4 |   47755 |       0 |   0.0 |      34 |       0 |   0.0
      Zot:5 |   45438 |  106887 |  70.2 |      30 |      45 |  60.0
      Sewer |       0 |     491 | 100.0 |       0 |      23 | 100.0
     Bailey |       0 |    1392 | 100.0 |       0 |      34 | 100.0
      IceCv |       0 |   13759 | 100.0 |       0 |      36 | 100.0
      Arena |       0 |    2444 | 100.0 |       0 |       1 | 100.0
            +---------+---------+-------+---------+---------+-------
